 Dungeon Crawl Stone Soup version 0.13-a0-1577-g2bae144 (webtiles) character file.

193001 Kae the Unseen (level 18, -11/87 HPs)
             Began as a Spriggan Enchanter on June 10, 2013.
             Was the Champion of Nemelex Xobeh.
             Killed from afar by Xtahua (63 damage)
             ... with a blast of flame
             ... on Level 22 of the Dungeon on June 11, 2013.
             The game lasted 03:56:43 (46723 turns).

Kae the Unseen (Spriggan Enchanter)                Turns: 46723, Time: 03:56:44

HP -11/87        AC 14     Str  8      XL: 18   Next: 35%
MP  29/48        EV 32     Int 19      God: Nemelex Xobeh [******]
Gold 2482        SH 19     Dex 18      Spells:  6 memorised, 22 levels left

Res.Fire  : . . .   See Invis. : +   a - +6 orc dagger (protect)
Res.Cold  : . . .   Warding    : +   H - +2 robe {MR+}
Life Prot.: + . .   Conserve   : .   c - +1 elf buckler
Res.Poison: .       Res.Corr.  : .   A - +2 wizard hat {Int+3}
Res.Elec. : .       Clarity    : .   i - +2 cloak
Sust.Abil.: + .     Spirit.Shd : .   (gloves unavailable)
Res.Mut.  : .       Stasis     : .   (boots unavailable)
Res.Rott. : .       Flight     : .   K - amulet of warding
Saprovore : . . .                    o - ring of sustain abilities
                                     E - ring of magical power

@: invisible, very slightly contaminated, very quick, extraordinarily resistant
to hostile enchantments, extraordinarily stealthy
A: unfitting armour, hooves 1, see invisible, berserk 1, herbivore 3, speed 3,
slow metabolism 2, Str -1, Int -1, Dex -1
a: Draw One, Peek at Two, Triple Draw, Deal Four, Stack Five, Renounce Religion


You were on level 22 of the Dungeon.
You worshipped Nemelex Xobeh.
Nemelex Xobeh was exalted by your worship.
You were not hungry.

You visited 4 branches of the dungeon, and saw 35 of its levels.
You also visited: Bailey.

You collected 3330 gold pieces.
You spent 868 gold pieces at shops.

Inventory:

Hand weapons
 a - a +6,+6 orcish dagger of protection (weapon)
 b - a +10 blowgun
 x - a +1,+4 dagger of flaming (quivered)
Missiles
 r - 10 curare-tipped needles
 s - 4 needles of sleeping
 t - 69 poisoned needles
Armour
 c - a +1 elven buckler (worn)
 i - a +2 cloak (worn)
 A - a +2 wizard hat of intelligence (worn)
 H - a +2 robe of magic resistance (worn)
 M - a +2 orcish robe of fire resistance
Magical devices
 j - a wand of heal wounds (6)
 y - a wand of heal wounds (9)
 I - a wand of disintegration (17)
Comestibles
 k - 3 honeycombs
Scrolls
 e - a scroll of enchant weapon I
 h - 6 scrolls of remove curse
 v - 4 scrolls of magic mapping
 z - a scroll of identify
 D - 3 scrolls of amnesia
 G - 11 scrolls of teleportation
 L - 3 scrolls of fog
 S - 3 scrolls of blinking
Jewellery
 o - a ring of sustain abilities (right hand)
 p - an uncursed amulet of resist mutation
 B - an uncursed amulet of guardian spirit
 E - a ring of magical power (left hand)
 K - an amulet of warding (around neck)
Potions
 g - 3 potions of brilliance
 l - a potion of agility
 m - 7 potions of curing
 u - 4 potions of flight
 w - a potion of resistance
 C - 5 potions of heal wounds
 J - 3 potions of speed
 N - 2 potions of might
 Y - a potion of restore abilities
Miscellaneous
 d - a legendary deck of escape {drawn: 1}
 f - a legendary deck of summonings {drawn: 1}
 n - an ornate deck of dungeons {drawn: 2}
 q - an ornate deck of escape {Warpwright, drawn: 1}
 F - a legendary deck of summonings {drawn: 1}
 O - a legendary deck of summonings {drawn: 1}


   Skills:
 + Level 8.3 Fighting
 * Level 16.9 Short Blades
 + Level 6.0 Throwing
 + Level 16.0 Dodging
 + Level 19.4 Stealth
 + Level 8.5 Shields
 + Level 12.5 Traps
 + Level 12.5 Spellcasting
 + Level 17.1 Hexes
 - Level 4.4 Translocations
 - Level 2.1 Ice Magic
 - Level 10.0 Evocations


You had 22 spell levels left.
You knew the following spells:

 Your Spells              Type           Power        Failure   Level  Hunger
a - Corona                Hex            ######.      0%          1    None
b - Ensorcelled Hibernat  Hex/Ice        #####.       1%          2    None
c - Confuse               Hex            ######..     0%          3    None
d - Invisibility          Hex            ######..     1%          6    ######.
e - Blink                 Tloc           N/A          1%          2    None
f - Mass Confusion        Hex            ######....   1%          6    ######.


Dungeon Overview and Level Annotations

Branches:
Dungeon (22/27)            Temple (1/1) D:6             Orc (4/4) D:9
    Elf (0/3) Orc:4          Lair (8/8) D:9          Shoals (0/5) Lair:4
  Snake (0/5) Lair:5        Slime (0/6) Lair:7       Vaults (0/5) D:15

Altars:
Ashenzari
Cheibriados
Elyvilon
Fedhas
Kikubaaqudgha
Makhleb
Nemelex Xobeh
Okawaru
Sif Muna
Trog
Vehumet
Xom
Yredelemnul
Zin
the Shining One

Shops:
D:4: * D:6: * D:7: [ D:15: + Orc:3: * Orc:4: !=?!

Portals:
Hell: D:21
Abyss: D:21
Pandemonium: D:21
Ziggurat: D:21 (5200 gp)

Annotations
D:5 exclusion: Eustachio
D:22 Mennas, Xtahua
Orc:2 Fannar
Lair:6 exclusion: oklob plant


Innate Abilities, Weirdness & Mutations

You are tiny and cannot use many weapons and most armour.
You have supernaturally acute eyesight.
You are a herbivore.
You cover ground extremely quickly.
You need consume almost no food.
You have large cloven feet.
You tend to lose your temper in combat.
You are clumsy (Dex -1).
You are dopey (Int -1).
You are weak (Str -1).


Message History

Okay, then.
Unknown command.
Unknown command.
What do you say? t - Shout!
Orders for allies: a - Attack new target. r - Retreat! s - Stop attacking. w - Wait here. f - Follow me.
Anything else - Stay silent.
Gang up on whom?
Press: ? - help, Dir - move target cursor, f - Xtahua
Aim: Xtahua (heavily wounded) Attack!
Something bites the orc knight!
Something barely misses the orc knight.
Something closely misses the orc knight.
Xtahua breathes fire at you. The blast of flame hits you!
One of your 4 scrolls of amnesia catches fire!
Ouch! That really hurt!
You die...
Your body glows with a rainbow of weird colours and disappears.

.....#.^...........#
#....#.............#
####'##'#..........+
#.......##+##.....##
#...........#######
##...####....'....##
#.### #...##.....####
# ###
###.#...()(.#.####..#
###...@D..#)T.....#
#.......))oc.....#
#.......##cc(......
##......#...(.o...
+......##+#......
##.....+ #..... ##
#....## #... #.
###..# .. +. #### #.


You could see Xtahua, 2 yaktaur captains, an orc knight, a yaktaur (confused)
and a friendly runed executioner's axe.

Vanquished Creatures
  Mara (D:22)
  A golden dragon (D:15)
  The ghost of TZer0 the Executioner, a mighty LOBe of Trog (D:18)
  2 sphinxes (D:20)
  A frost giant (D:21)
  Wiglaf (D:22)
  Maud (Lair:5)
  Gastronok (D:10)
  4 stone giants
  The ghost of Kae the Bludgeoner, a powerful MiBe of Trog (Lair:8)
  Azrael (D:15)
  3 yaktaur captains
  A vault guard (D:18)
  3 ettins
  5 ogre magi
  A draconian (D:10)
  Erica (Lair:5)
  15 hydras
  Harold (D:11)
  A storm dragon skeleton (D:20)
  2 ravenous feature mimics
  A deep troll earth mage (D:21)
  3 frost giant zombies
  8 death yaks
  2 deep trolls
  A stone giant zombie (D:15)
  Nergalle (D:10)
  6 centaur warriors
  3 orc high priests (Orc:4)
  Erolcha (D:13)
  A frost giant skeleton (D:19)
  An iron troll (D:21)
  10 orc knights
  2 skeletal warriors (D:13)
  A harpy (shapeshifter) (D:21)
  5 giant amoebae
  2 harpies
  23 hill giants
  9 unseen horrors
  Pikel (D:7)
  A flayed ghost (D:18)
  A hydra zombie (D:13)
  4 wizards
  Joseph (Orc:1)
  6 orc sorcerers
  A necromancer (D:18)
  4 griffons
  5 cyclopes
  A trapdoor spider zombie (D:13)
  2 wolf spiders
  An ettin zombie (D:21)
  A harpy skeleton (D:19)
  4 spiny worms
  Maurice (D:13)
  A hydra skeleton (D:13)
  2 wind drakes (shapeshifter)
  An elephant slug (Lair:8)
  A fire crab (shapeshifter) (D:21)
  22 elephants
  8 spiny frogs
  6 black mambas
  A dragon skeleton (D:17)
  A naga mage (Lair:5)
  A griffon skeleton (D:13)
  22 slime creatures
  16 humans (D:18)
  A hill giant skeleton (D:13)
  30 ugly things
  An efreet (D:19)
  2 feature mimics
  The ghost of Diracelecht the Grappler, an average TrMo (D:5)
  Grinder (D:4)
  A queen bee (shapeshifter) (D:16)
  Sonja (D:12)
  7 komodo dragons
  7 polar bears
  16 two-headed ogres
  4 red devils (D:13)
  7 trolls
  A komodo dragon (shapeshifter) (D:21)
  12 blink frogs
  A raven (shapeshifter) (D:22)
  A deep troll skeleton (D:20)
  11 grizzly bears (Lair:8)
  7 basilisks
  2 flying skulls (D:13)
  2 shadows
  An octopode (shapeshifter) (D:19)
  A blink frog zombie (D:13)
  63 yaks
  8 wyverns
  A basilisk (shapeshifter) (D:18)
  2 vampires
  3 fire elementals (D:15)
  4 wraiths
  2 hungry ghosts
  Eustachio (D:5)
  A fire drake (Lair:4)
  2 yaktaur zombies
  A steam dragon (Lair:3)
  24 war dogs
  8 hippogriffs
  2 trapdoor spiders
  3 redbacks (Lair:7)
  2 soldier ants (shapeshifter)
  A komodo dragon zombie (D:13)
  5 boulder beetles
  2 soldier ants
  11 vampire mosquitoes
  2 deep elf fighters
  Edmund (D:4)
  A rock worm (D:18)
  2 mottled dragons
  A manticore (D:10)
  A cyclops zombie (D:15)
  5 black bears (Lair:8)
  3 freezing wraiths
  6 hell hounds
  3 ice beasts
  31 ogres
  2 cyclops skeletons
  A boulder beetle zombie (D:13)
  25 orc warriors
  3 giant goldfish (D:13)
  2 slaves (D:7)
  A phantom (D:7)
  5 necrophages
  2 boring beetles
  A troll skeleton (D:13)
  5 yak zombies
  A yak skeleton (D:13)
  A boring beetle (shapeshifter) (D:21)
  8 sky beasts
  11 crocodiles
  Sigmund (D:5)
  6 big kobolds
  A hippogriff skeleton (D:12)
  7 wolves
  14 centaurs
  9 wargs
  8 giant slugs
  18 water moccasins
  A centaur zombie (D:7)
  23 giant frogs
  3 giant frog skeletons
  Blork the orc (D:5)
  8 agate snails
  A two-headed ogre skeleton (D:8)
  3 eyes of draining
  18 killer bees
  A crocodile zombie (D:10)
  An electric eel (D:17)
  14 crimson imps
  2 mottled dragon zombies (D:13)
  7 wights
  19 hounds
  A mottled dragon skeleton (D:14)
  5 goliath beetles
  A hound zombie (D:9)
  3 big fish
  27 orc priests
  A hound skeleton (D:4)
  9 iguanas
  2 scorpions
  31 orc wizards
  18 sheep
  6 worker ants
  4 porcupines
  A worm zombie (D:5)
  A steam dragon skeleton (D:9)
  A jelly (D:10)
  3 boggarts (D:19)
  A mummy (D:6)
  27 green rats
  29 adders
  6 giant centipedes
  2 giant mites (Lair:5)
  A worm (D:6)
  A bat zombie (D:7)
  3 giant eyeballs
  9 giant geckos
  2 oozes (D:1)
  169 orcs
  2 ball pythons
  25 bats
  9 giant cockroaches
  15 hobgoblins
  30 jackals
  3 giant newts
  21 goblins
  A goblin skeleton (D:5)
  46 kobolds
  3 orc zombies
  12 quokkas
  22 rats
  5 ballistomycetes (D:12)
  A plant (Lair:8)
1357 creatures vanquished.

Vanquished Creatures (collateral kills)
  A hydra (shapeshifter) (D:21)
  A spiny worm (D:21)
2 creatures vanquished.

Vanquished Creatures (others)
  A death yak (Lair:6)
  A yaktaur (D:22)
  A yak (D:21)
  A basilisk (D:21)
  A freezing wraith (D:21)
  A slave (D:7)
  2 agate snails (D:21)
  An orc priest (D:21)
  A green rat (Lair:2)
  6 orcs
  A goblin (D:7)
  3 jackals
  A bat (D:10)
  A giant spore (D:12)
  3 rats
  2 fungi (Lair:6)
  4 plants
31 creatures vanquished.

Grand Total: 1390 creatures vanquished

Notes
Turn   | Place    | Note
--------------------------------------------------------------
     0 | D:1      | Kae, the Spriggan Enchanter, began the quest for the Orb.
     0 | D:1      | Reached XP level 1. HP: 9/9 MP: 4/4
    25 | D:1      | Found an iron altar of Okawaru.
   126 | D:1      | Reached XP level 2. HP: 7/13 MP: 6/6
   302 | D:1      | Learned a level 2 spell: Ensorcelled Hibernation
  1105 | D:2      | Reached XP level 3. HP: 14/16 MP: 3/9
  1304 | D:2      | Found a shimmering altar of Xom.
  1437 | D:2      | Reached skill level 4 in Hexes
  1731 | D:2      | Reached XP level 4. HP: 21/21 MP: 12/12
  1849 | D:2      | Learned a level 3 spell: Confuse
  2506 | D:3      | Found a sparkling altar of Nemelex Xobeh.
  2796 | D:4      | Found Ska Meka's General Store.
  2811 | D:4      | Bought a scroll of remove curse for 42 gold pieces
  2811 | D:4      | Bought a potion of curing for 28 gold pieces
  2811 | D:4      | Bought a scroll of curse armour for 28 gold pieces
  2811 | D:4      | Bought a +0 cloak for 21 gold pieces
  2836 | D:4      | Noticed Edmund
  2847 | D:4      | Killed Edmund
  2847 | D:4      | Reached skill level 5 in Stealth
  2847 | D:4      | Reached XP level 5. HP: 18/24 MP: 6/15
  3094 | D:4      | Reached XP level 6. HP: 28/28 MP: 13/18
  3285 | D:4      | Noticed an ogre
  3288 | D:4      | Killed an ogre
  3288 | D:4      | Reached skill level 5 in Hexes
  3314 | D:4      | Noticed Grinder
  3335 | D:4      | Killed Grinder
  3335 | D:4      | Reached skill level 5 in Dodging
  3335 | D:4      | Reached XP level 7. HP: 25/32 MP: 8/20
  3380 | D:4      | Noticed an ogre
  3390 | D:4      | Killed an ogre
  3390 | D:4      | Reached skill level 5 in Short Blades
  3390 | D:4      | Reached skill level 6 in Stealth
  3553 | D:5      | Entered Level 5 of the Dungeon
  3748 | D:5      | Noticed Blork the orc
  3804 | D:5      | Noticed Sigmund
  3969 | D:5      | Noticed Diracelecht's ghost (average TrMo)
  4021 | D:5      | Killed Diracelecht's ghost
  4021 | D:5      | Reached XP level 8. HP: 22/36 MP: 9/22
  4113 | D:5      | Noticed Eustachio
  4731 | D:5      | Reached skill level 7 in Stealth
  4874 | D:5      | Killed Eustachio
  4919 | D:5      | Killed Sigmund
  4919 | D:5      | Reached skill level 5 in Spellcasting
  4999 | D:5      | Killed Blork the orc
  5124 | D:6      | Found a glowing silver altar of Zin.
  5728 | D:6      | Found Shroafohy's General Store.
  5737 | D:6      | Bought a potion of heal wounds for 39 gold pieces
  5737 | D:6      | Bought a scroll of blinking for 71 gold pieces
  6155 | D:6      | Found a deep blue altar of Sif Muna.
  6330 | D:6      | Found a staircase to the Ecumenical Temple.
  6430 | Temple   | Entered the Ecumenical Temple
  6742 | D:6      | Reached XP level 9. HP: 39/39 MP: 18/25
  6870 | D:3      | Became a worshipper of Nemelex Xobeh
  6955 | D:6      | Received a gift from Nemelex Xobeh
  7051 | D:6      | Acquired Nemelex Xobeh's first power
  7325 | D:7      | Reached skill level 8 in Stealth
  7459 | D:7      | Acquired Nemelex Xobeh's second power
  7497 | D:7      | Noticed Pikel
  7870 | D:7      | Killed Pikel
  8388 | D:7      | Received a gift from Nemelex Xobeh
  8410 | D:7      | Found Vywowef's Armour Emporium.
  8716 | D:7      | Learned a level 6 spell: Invisibility
  8730 | D:8      | Reached skill level 9 in Stealth
  9224 | D:8      | Acquired Nemelex Xobeh's third power
  9364 | D:9      | Reached XP level 10. HP: 44/44 MP: 20/27
  9461 | D:9      | Found a radiant altar of Vehumet.
  9559 | D:9      | Found a staircase to the Lair.
  9859 | D:9      | Found a staircase to the Orcish Mines.
 10162 | D:9      | Received a gift from Nemelex Xobeh
 10247 | D:9      | Acquired Nemelex Xobeh's fourth power
 10390 | D:9      | Reached skill level 10 in Stealth
 10770 | D:9      | TZer0: I see that you are worshipping nemmy this time
 10770 | D:9      | TZer0: :D
 10788 | D:9      | TZer0: also, keep in mind that using cards also decreases the cooldown for new decks
 10788 | D:9      | Kae: yup still got to do some reading ^^
 10788 | D:9      | Kae: still not sure what to do with those dekcs
 10788 | D:9      | TZer0: Evoke them
 10788 | D:9      | TZer0: they are great fun
 10788 | D:9      | Kae: blind id ?
 10788 | D:9      | Kae: i kinda dont wanna die
 10788 | D:9      | TZer0: well, you can do that
 10788 | D:9      | TZer0: or you can use the abilities to peek
 10788 | D:9      | TZer0: or stack cards
 10788 | D:9      | TZer0: :D
 10788 | D:9      | Kae: summoning
 10788 | D:9      | Kae: pretty risk free thats it ?
 10788 | D:9      | TZer0: Yup
 10788 | D:9      | TZer0: well
 10788 | D:9      | TZer0: not completely
 10788 | D:9      | TZer0: you might suddenly draw a torment
 10788 | D:9      | TZer0: it happens
 10788 | D:9      | Kae: meh
 10788 | D:9      | TZer0: like. 0.1% of the times or less often
 10788 | D:9      | TZer0: I think
 10788 | D:9      | Kae: lol
 10788 | D:9      | TZer0: http://crawl.chaosforge.org/index.php?title=Deck_of_oddities
 10788 | D:9      | TZer0: I was wrong
 10788 | D:9      | Kae: Invokes the wrath of a randomly chosen god against you.
 10788 | D:9      | Kae: jeez
 10788 | D:9      | Kae: thats nasty
 10788 | D:9      | TZer0: 1%*1/7 chance.
 10788 | D:9      | Kae: murphy's law ...
 10788 | D:9      | TZer0: I know
 10788 | D:9      | TZer0: :P
 10926 | D:10     | Entered Level 10 of the Dungeon
 10936 | D:10     | TZer0: I mean
 10936 | D:10     | TZer0: if you have a deck of war
 10936 | D:10     | TZer0: it is in general awesome to draw from it in situations like that
 10936 | D:10     | TZer0: get the lightning card
 10936 | D:10     | TZer0: throwit at the enemy which is fartherest away from you
 10936 | D:10     | TZer0: can watch the light-show
 10936 | D:10     | Kae: ^^
 10936 | D:10     | TZer0: we're talking 100 damage on several targets in one turn
 10936 | D:10     | TZer0: if you get the orb
 10936 | D:10     | TZer0: ooh
 10936 | D:10     | TZer0: destruction
 10936 | D:10     | TZer0: even better!
 10936 | D:10     | TZer0: :D
 10936 | D:10     | TZer0: party times
 10936 | D:10     | Kae: twice
 10936 | D:10     | TZer0: those kind of things
 10936 | D:10     | TZer0: that's party-time :D
 10936 | D:10     | Kae: lol let me read the wiki sec :p
 10936 | D:10     | TZer0: Level 3 power for hammer is like... one of the best earth spells
 10936 | D:10     | Kae: damn forgot evocations
 10987 | D:10     | Reached skill level 1 in Evocations
 11154 | D:10     | TZer0: ooh
 11154 | D:10     | TZer0: spark
 11154 | D:10     | Kae: shock bolt or orb
 11154 | D:10     | Kae: how do i know my power level ?
 11154 | D:10     | Kae: trying out the card =) ?
 11226 | D:10     | TZer0: http://crawl.chaosforge.org/Deck#Card_power
 11253 | D:10     | Reached skill level 10 in Hexes
 11321 | D:10     | Received a gift from Nemelex Xobeh
 11372 | D:10     | Noticed a hill giant
 11375 | D:10     | Kae: meh
 11400 | D:10     | Killed a hill giant
 11400 | D:10     | Reached skill level 10 in Short Blades
 11504 | D:10     | Noticed Gastronok
 11543 | D:10     | TZer0: oooh
 11755 | D:10     | Kae: ?
 11775 | D:10     | TZer0: Friendly boss over there :P
 11790 | D:10     | Kae: ya ^^
 11823 | D:10     | TZer0: Probably wearing a neat hat
 11826 | D:10     | TZer0: :P
 11826 | D:10     | Kae: yup ill kill him last :)
 11877 | D:10     | TZer0: just don't start starving next to him xD
 11877 | D:10     | Kae: damn low on perma food :s
 12000 | D:10     | Noticed Nergalle
 12014 | D:10     | TZer0: careful
 12015 | D:10     | TZer0: she summons stuff
 12015 | D:10     | TZer0: lots of undead orcs
 12015 | D:10     | TZer0: they are spectral btw
 12015 | D:10     | Kae: invis at 28% sucks :s
 12015 | D:10     | TZer0: however, she is rather weak herself
 12015 | D:10     | TZer0: considering she is marked with red
 12060 | D:10     | TZer0: ohai
 12175 | D:10     | TZer0: damn persistant thing
 12175 | D:10     | Kae: ^^
 12273 | D:10     | Noticed a draconian
 12274 | D:10     | TZer0: oh...
 12275 | D:10     | Kae: nasty ?
 12284 | D:10     | TZer0: he could breathe stuff at you
 12294 | D:10     | TZer0: just mentioning
 12309 | D:10     | TZer0: hibernation?
 12320 | D:10     | TZer0: not sure poison works that well
 12320 | D:10     | TZer0: they are cold-blooded afaik
 12320 | D:10     | Kae: kinda afraid to go melee
 12327 | D:10     | Killed a draconian
 12327 | D:10     | Reached skill level 11 in Stealth
 12327 | D:10     | Kae: oh well
 12327 | D:10     | TZer0: :P
 12327 | D:10     | Reached XP level 11. HP: 47/47 MP: 23/28
 12368 | D:10     | TZer0: Nergalle is even less dangerous
 12370 | D:10     | TZer0: 60 hp
 12387 | D:10     | TZer0: http://crawl.chaosforge.org/Nergalle
 12390 | D:10     | TZer0: hahahah
 12390 | D:10     | TZer0: niiicie
 12390 | D:10     | Kae: :D
 12390 | D:10     | Kae: fucking christmas
 12392 | D:10     | TZer0: perfect
 12411 | D:10     | TZer0: 2 jellies
 12411 | D:10     | TZer0: damn
 12412 | D:10     | TZer0: don't eat them
 12412 | D:10     | TZer0: :P
 12424 | D:10     | Kae: never used those actually
 12424 | D:10     | TZer0: they are pretty damn good
 12466 | D:10     | Reached skill level 5 in Evocations
 12657 | D:10     | TZer0: Hmm 66 MR
 12662 | D:10     | Killed Nergalle
 12663 | D:10     | TZer0: there we go!
 12663 | D:10     | Kae: :)
 12761 | D:10     | TZer0: run
 12761 | D:10     | TZer0: eat
 12761 | D:10     | TZer0: eat
 12763 | D:10     | TZer0: you're failing to kill it for a reason you know :P
 12763 | D:10     | Kae: hmm Camembert
 12763 | D:10     | TZer0: Prefer Brie.
 12763 | D:10     | TZer0: ;)
 12864 | D:10     | TZer0: ouch
 12875 | D:10     | TZer0: HP
 12875 | D:10     | TZer0: also
 12875 | D:10     | Kae: soo
 12875 | D:10     | TZer0: press m
 13007 | D:10     | TZer0: I want to see your stats
 13007 | D:10     | TZer0: you need traps...
 13007 | D:10     | TZer0: else you're going to die from it
 13007 | D:10     | TZer0: Zot Trap.. poof.. dead
 13007 | D:10     | TZer0: or banished
 13007 | D:10     | TZer0: or whatever else it might do to you
 13007 | D:10     | Kae: well i dont get that far usually so that has never been a problem :p
 13009 | D:10     | TZer0: okay
 13011 | D:10     | TZer0: one thing about this guy
 13011 | D:10     | TZer0: he has higher MR than Nergalle
 13011 | D:10     | TZer0: http://crawl.chaosforge.org/Gastronok
 13011 | D:10     | Kae: trying to sneak up first
 13011 | D:10     | Kae: and he only has melee attacks as far as i remember
 13199 | D:10     | Kae: hmm
 13199 | D:10     | Kae: maybe not :D
 13199 | D:10     | TZer0: wands?
 13199 | D:10     | TZer0: ooh
 13199 | D:10     | TZer0: move once
 13199 | D:10     | TZer0: use spark
 13199 | D:10     | TZer0: from your deck
 13199 | D:10     | Kae: used it already
 13199 | D:10     | Kae: against a hill giant
 13199 | D:10     | TZer0: right
 13199 | D:10     | TZer0: scrolls?
 13199 | D:10     | TZer0: nothing that can save you
 13199 | D:10     | TZer0: what decks do you have?
 13199 | D:10     | Kae: well i can always flee
 13199 | D:10     | TZer0: try moving once, using a summon deck or destruction deck
 13200 | D:10     | TZer0: sec
 13200 | D:10     | Kae: triple draw ?
 13200 | D:10     | Kae: on a destruction deck ?
 13200 | D:10     | TZer0: Deal Four: You select a non-stacked deck in your inventory, and draw four cards from that deck in a single turn. If the deck has insufficient cards, you draw the missing cards from a deck of punishment. The deck is destroyed. (Costs 8 MP, 200-400 Food, and 10-15 Piety)
 13200 | D:10     | TZer0: Probably safer, yeah
 13200 | D:10     | Kae: flame ?
 13200 | D:10     | TZer0: You DON'T want pain
 13200 | D:10     | TZer0: either Spark of flame
 13200 | D:10     | TZer0: *or
 13201 | D:10     | Kae: meh
 13203 | D:10     | TZer0: draw three more?
 13212 | D:10     | TZer0: ooh
 13214 | D:10     | TZer0: now
 13227 | D:10     | TZer0: summon!
 13331 | D:10     | TZer0: and have the summons attack him
 13333 | D:10     | TZer0: uhhh
 13344 | D:10     | TZer0: did he go to sleep again?
 13351 | D:10     | Kae: nop
 13363 | D:10     | Killed Gastronok
 13363 | D:10     | Reached skill level 1 in Fighting
 13363 | D:10     | Reached skill level 10 in Dodging
 13363 | D:10     | Reached skill level 1 in Traps
 13364 | D:10     | TZer0: yes!
 13364 | D:10     | Kae: phew
 13364 | D:10     | TZer0: check his hat
 13364 | D:10     | TZer0: it might be good
 13369 | D:10     | TZer0: something to consider
 13371 | D:10     | TZer0: :)
 13396 | D:10     | Kae: better than nothing :)
 13510 | D:10     | Noticed an unseen horror
 13521 | D:10     | Killed an unseen horror
 13529 | D:10     | TZer0: more like seen horror :P
 13532 | D:10     | TZer0: They are invisible
 13532 | D:10     | Kae: lol ya i always played spriggan when i started
 13532 | D:10     | TZer0: but damn Sps have see invisible
 13532 | D:10     | Kae: didnt understand when happened when i changed race haha
 13539 | D:10     | Noticed an unseen horror
 13551 | D:10     | Killed an unseen horror
 13624 | D:11     | Kae: hmm
 13624 | D:11     | Kae: could go to Lair
 13633 | D:11     | TZer0: keep in mind that "opening" a level
 13633 | D:11     | TZer0: just to leave it
 13634 | D:11     | TZer0: is kkind of a bad idea..
 13634 | D:11     | TZer0: just mentioning
 13634 | D:11     | TZer0: also
 13634 | D:11     | TZer0: don't go for prot daggers D:
 13634 | D:11     | Kae: why ?
 13634 | D:11     | TZer0: Because monsters will wander about, open doors and pick up items
 13634 | D:11     | Kae: oh
 13634 | D:11     | Kae: finishing it then :p
 13773 | D:11     | TZer0: Also
 13803 | D:11     | TZer0: from IRC: gdr[1/3]: If you're making equipment decisions based on this, please reconsider.
 13803 | D:11     | Kae: huh ?
 13803 | D:11     | TZer0: (AC increases global damage reduction)
 13803 | D:11     | TZer0: oops
 13803 | D:11     | TZer0: guaranteed
 13803 | D:11     | Kae: might have missed a message
 13803 | D:11     | TZer0: http://crawl.chaosforge.org/GDR
 13803 | D:11     | TZer0: gdr[1/3]: If you're making equipment decisions based on this, please reconsider.
 13803 | D:11     | TZer0: Basically, I'm criticising your choice of brand on the dagger
 13803 | D:11     | TZer0: you should probably find another
 13803 | D:11     | TZer0: but right now
 13803 | D:11     | Kae: didnt see many ^^
 13803 | D:11     | TZer0: it probably outclasses the other ones
 13803 | D:11     | TZer0: and those are probably cursed anyway
 13803 | D:11     | TZer0: but you should consider the problem twice before enchanting a prot dagger :P
 13803 | D:11     | Kae: well it was already like 4,4 or something
 13803 | D:11     | Kae: i id-ed the 3 scrolls on it
 13803 | D:11     | TZer0: Yes, but it is easily owned by a dagger of draining at -1
 13803 | D:11     | TZer0: :P
 13803 | D:11     | Kae: and used one last cause it was 5,6 so rpetty good :p
 13805 | D:11     | TZer0: at least against most foes.
 13944 | D:11     | TZer0: lol
 13944 | D:11     | Kae: ahah
 13979 | D:11     | TZer0: "don't mind me"
 13982 | D:11     | TZer0:
 13982 | D:11     | Kae: just passing by
 14057 | D:11     | TZer0: Also
 14060 | D:11     | TZer0: my LOEE got a rune earlier
 14137 | D:11     | TZer0: it is standing at Swamp:5 currently
 14137 | D:11     | Kae: nice :)
 14137 | D:11     | Kae: are EE fun to play ?
 14137 | D:11     | Kae: heard they were boring
 14137 | D:11     | Kae: spamming deconstruction
 14194 | D:11     | Noticed Harold
 14197 | D:11     | TZer0: Deconstruction is in my opinion funny
 14214 | D:11     | Killed Harold
 14214 | D:11     | Reached skill level 12 in Hexes
 14216 | D:11     | Received a gift from Nemelex Xobeh
 14256 | D:11     | TZer0: also
 14263 | D:11     | TZer0: press ctrl+P
 14284 | D:11     | TZer0: A symbol of Destruction coalesces before you, then vanishes.
 14284 | D:11     | TZer0: This bit
 14284 | D:11     | Kae: yes ?
 14284 | D:11     | TZer0: this means that you are most likely to receive decks of that kind.
 14284 | D:11     | TZer0: what you sacrifice to Nemelex decides the type of decks received
 14284 | D:11     | Kae: alright
 14289 | D:11     | TZer0: food and other valuable items like potions and wands make it more likely to get the deck of wonders
 14289 | D:11     | TZer0: which is an awesome deck
 14289 | D:11     | TZer0: just be... careful with it
 14313 | D:10     | TZer0: if you are far into a run
 14317 | D:10     | TZer0: always stack it
 14336 | D:10     | Kae: aight
 14398 | Lair:1   | Entered Level 1 of the Lair of Beasts
 14458 | Lair:1   | TZer0: Shuffle Card Rearranges your natural stat values. For example, if your natural stats are Str 28 Int 5 Dex 10, then after a Shuffle you might have Str 10 Int 28 Dex 5. Shuffle does not exist in basic decks and is relatively rare in ornate decks.
 14460 | Lair:1   | TZer0: This....
 14479 | Lair:1   | TZer0: is a way to mess up your run
 14481 | Lair:1   | TZer0: badly.
 14504 | Lair:1   | TZer0: Thought
 14504 | Lair:1   | TZer0: having a minotaur with 28 int would be really, really fuinny
 14504 | Lair:1   | TZer0: *funny
 14504 | Lair:1   | Kae: ><
 14519 | Lair:1   | TZer0: Xom's favorite staff!
 14519 | Lair:1   | TZer0: and you dropped it! :((
 14519 | Lair:1   | TZer0: :P
 14519 | Lair:1   | Kae: cant say i love xom
 14519 | Lair:1   | Kae: after what he did to me yday x)
 14519 | Lair:1   | TZer0: why talk bad about /dev/random? :P
 14634 | Lair:1   | TZer0: Also
 14634 | Lair:1   | TZer0: http://dobrazupa.org/morgue/rubinko/morgue-rubinko-20120906-090729.txt
 14634 | Lair:1   | TZer0: I find this one funny
 14634 | Lair:1   | TZer0: check out how he died...
 14634 | Lair:1   | TZer0: ctrl+f Message History
 14634 | Lair:1   | Kae: smitten by beogh ?
 14634 | Lair:1   | TZer0: for 61 damage!!
 14634 | Lair:1   | Kae: haha
 14634 | Lair:1   | TZer0: he shattered a statue
 14634 | Lair:1   | Kae: for casting that on an idol lol
 14634 | Lair:1   | TZer0: and Beogh's ego took a hit
 14634 | Lair:1   | TZer0: :D
 14639 | Lair:1   | TZer0: by the way
 14639 | Lair:1   | TZer0: lair 2
 14639 | Lair:1   | TZer0: not 1
 14639 | Lair:1   | TZer0: :P
 14639 | Lair:1   | Kae: ye i do usually
 14639 | Lair:1   | Kae: was just burdened a bit early
 14639 | Lair:1   | Kae: will move all that after ^^
 14640 | Lair:1   | TZer0: I think..
 14640 | Lair:1   | Kae: should i keep all those decks ?
 14640 | Lair:1   | TZer0: Hmm
 14640 | Lair:1   | Kae: deck of escape
 14640 | Lair:1   | TZer0: how many slots?
 14640 | Lair:1   | TZer0: you have enough slots
 14640 | Lair:1   | Kae: im more concerned about weight
 14640 | Lair:1   | TZer0: how much are they?
 14640 | Lair:1   | Kae: 5 each
 14640 | Lair:1   | TZer0: 25 in total
 14640 | Lair:1   | TZer0: hmm
 14640 | Lair:1   | TZer0: what else do you have?
 14640 | Lair:1   | TZer0: drop f...
 14641 | Lair:1   | Kae: for jellies :o
 14642 | Lair:1   | TZer0: press i
 14642 | Lair:1   | TZer0: press a
 14642 | Lair:1   | TZer0: Its enchantment level renders it immune to acidic corrosion.
 14642 | Lair:1   | TZer0: :P
 14642 | Lair:1   | Kae: ooh
 14642 | Lair:1   | Kae: didnt see that^^
 14643 | Lair:1   | TZer0: ;)
 14648 | Lair:1   | TZer0: oh
 14648 | Lair:1   | TZer0: drop
 14655 | Lair:1   | TZer0: like 4 uncurse scrolls
 14753 | Lair:1   | TZer0: and if you have multiple restore abilities
 14771 | Lair:1   | TZer0: same
 14786 | Lair:1   | TZer0: but always bring one
 15387 | Lair:1   | Acquired Nemelex Xobeh's fifth power
 15554 | Lair:2   | TZer0: I wonder if you can get "you slice open the hog like a pig!!"
 15580 | Lair:2   | TZer0: that would be funny..
 15580 | Lair:2   | Kae: i guess :p
 15593 | Lair:2   | Received a gift from Nemelex Xobeh
 15814 | Lair:2   | TZer0: get
 15814 | Lair:2   | TZer0: get
 15814 | Lair:2   | TZer0: :D
 15814 | Lair:2   | TZer0: this one is party
 15814 | Lair:2   | Kae: 10 aum :c
 15818 | Lair:2   | TZer0: It is a great emergency tool
 15822 | Lair:2   | TZer0: it pushes enemies back
 15851 | Lair:2   | TZer0: and summons water elementals
 15966 | Lair:2   | TZer0: The guy who completed the first run on this server
 15969 | Lair:2   | TZer0: used it
 15976 | Lair:2   | TZer0: or rather
 15981 | Lair:2   | TZer0: he used 3 fire-versions of that item
 15981 | Lair:2   | TZer0: and 3 water-versions
 15981 | Lair:2   | TZer0: :P
 15981 | Lair:2   | Kae: ya i saw that too :p
 16037 | Lair:2   | TZer0: burden!
 16068 | Lair:2   | Reached XP level 12. HP: 54/54 MP: 30/30
 16257 | Lair:2   | TZer0: press i afterwards.
 16275 | Lair:2   | TZer0: I just want to see
 16275 | Lair:2   | TZer0: hmmm
 16275 | Lair:2   | TZer0: those potions are useless without ID
 16275 | Lair:2   | Kae: gonna stash once i clear this lvl
 16275 | Lair:2   | TZer0: either find ID
 16303 | Lair:2   | TZer0: or stash them
 16368 | Lair:2   | TZer0: anyway
 16368 | Lair:2   | TZer0: glhf
 16395 | Lair:1   | TZer0: and good night
 16416 | D:9      | Kae: cya
 16576 | Lair:3   | Noticed a seven-headed hydra
 16589 | Lair:3   | Killed a seven-headed hydra
 17107 | Lair:3   | Reached skill level 5 in Traps
 17138 | Lair:3   | Reached skill level 1 in Shields
 17220 | Lair:3   | Reached skill level 13 in Stealth
 17471 | Lair:3   | Received a gift from Nemelex Xobeh
 18284 | Lair:4   | Found a staircase to the Shoals.
 18967 | Lair:2   | Learned a level 2 spell: Blink
 19267 | Lair:5   | Received a gift from Nemelex Xobeh
 19455 | Lair:5   | Reached skill level 1 in Translocations
 19560 | Lair:5   | Noticed Maud
 19622 | Lair:5   | Killed Maud
 19622 | Lair:5   | Reached XP level 13. HP: 25/60 MP: 4/32
 19866 | Lair:5   | Noticed a five-headed hydra
 19873 | Lair:5   | Killed a five-headed hydra
 20240 | Lair:5   | Noticed Erica
 20321 | Lair:5   | Found a staircase to the Snake Pit.
 20326 | Lair:5   | Killed Erica
 20453 | Lair:5   | Received a gift from Nemelex Xobeh
 20633 | Lair:5   | Noticed a five-headed hydra
 20642 | Lair:5   | Killed a five-headed hydra
 20814 | Lair:4   | Reached skill level 14 in Hexes
 21551 | Lair:6   | Noticed a six-headed hydra
 21559 | Lair:6   | Killed a six-headed hydra
 22156 | Lair:6   | Reached skill level 5 in Fighting
 22349 | Lair:6   | Noticed a six-headed hydra
 22358 | Lair:6   | Killed a six-headed hydra
 22577 | Lair:7   | Found a staircase to the Slime Pits.
 22961 | Lair:7   | Received a gift from Nemelex Xobeh
 23471 | Lair:7   | Gained mutation: You have large cloven feet. [helix card]
 23510 | Lair:8   | Entered Level 8 of the Lair of Beasts
 23558 | Lair:8   | Reached XP level 14. HP: 36/65 MP: 34/34
 23581 | Lair:8   | Reached skill level 5 in Shields
 23764 | Lair:8   | Received a gift from Nemelex Xobeh
 23817 | Lair:8   | Reached skill level 15 in Hexes
 23986 | Lair:8   | Gained mutation: You are weak (Str -1). [mutagenic glow]
 24309 | Lair:8   | Noticed a five-headed hydra
 24318 | Lair:8   | Killed a five-headed hydra
 24332 | Lair:8   | Noticed Kae's ghost (powerful MiBe)
 24349 | Lair:8   | Killed Kae's ghost
 24640 | Lair:8   | Received a gift from Nemelex Xobeh
 25001 | Lair:8   | Noticed a seven-headed hydra
 25010 | Lair:8   | Killed a seven-headed hydra
 25497 | Lair:8   | Reached skill level 15 in Stealth
 27146 | D:12     | Received a gift from Nemelex Xobeh
 27649 | D:12     | Noticed Sonja
 27676 | D:12     | Killed Sonja
 28075 | D:12     | Reached skill level 10 in Spellcasting
 28160 | D:12     | Received a gift from Nemelex Xobeh
 28280 | D:13     | Noticed Erolcha
 28291 | D:13     | Killed Erolcha
 28318 | D:13     | Noticed Maurice
 28331 | D:13     | Killed Maurice
 28404 | D:13     | Paralysed by a giant eyeball for 3 turns
 28987 | D:13     | Reached XP level 15. HP: 55/70 MP: 34/35
 29065 | D:13     | Got an ancient sapphire amulet
 29505 | Lair:2   | Learned a level 6 spell: Mass Confusion
 29512 | Lair:1   | Upgraded the game from 0.13-a0-1553-g7307ddf to 0.13-a0-1577-g2bae144
 29564 | Orc:1    | Entered Level 1 of the Orcish Mines
 29850 | Orc:2    | Received a gift from Nemelex Xobeh
 29982 | Orc:1    | Noticed Joseph
 29990 | Orc:1    | Killed Joseph
 30037 | Orc:1    | Found Zaunox's Distillery.
 30087 | Orc:1    | Zaunox's Distillery was a mimic.
 30267 | Orc:1    | Found a flagged portal.
 30279 | Bailey   | Entered a bailey
 30319 | Bailey   | Received a gift from Nemelex Xobeh
 30352 | Bailey   | Gained mutation: You tend to lose your temper in combat. [mutagenic glow]
 30610 | Orc:3    | Received a gift from Nemelex Xobeh
 30870 | Orc:3    | Found a dark tunnel.
 30921 | Orc:3    | Reached skill level 15 in Short Blades
 30966 | Orc:3    | Reached skill level 10 in Traps
 31529 | Orc:3    | Received a gift from Nemelex Xobeh
 31565 | Orc:3    | Reached skill level 16 in Stealth
 31577 | Orc:3    | Noticed a stone giant
 31596 | Orc:3    | Killed a stone giant
 31726 | Orc:3    | Identified the Almanac of Evil
 31760 | Orc:3    | Received a gift from Nemelex Xobeh
 31868 | Orc:3    | Found Shyesteh's General Store.
 31919 | Orc:3    | Bought a scroll of identify for 22 gold pieces
 31920 | Orc:3    | Identified the amulet "Stroiruw" {Inacc +Blink rPois MR+} (You found it on level 13 of the Dungeon)
 31921 | Orc:3    | Bought a rambutan for 4 gold pieces
 32179 | Orc:3    | Received a gift from Nemelex Xobeh
 32279 | Orc:2    | Noticed Fannar
 32652 | Orc:4    | Entered Level 4 of the Orcish Mines
 32739 | Orc:4    | Found a frozen archway.
 32879 | Orc:4    | Gained mutation: You are clumsy (Dex -1). [mutagenic glow]
 33056 | Orc:4    | Received a gift from Nemelex Xobeh
 33303 | Orc:4    | Found a staircase to the Elven Halls.
 33531 | Orc:4    | Found Blifaz's Distillery.
 33535 | Orc:4    | Found Jaamnott's Magic Scroll Shoppe.
 34227 | Orc:4    | Received a gift from Nemelex Xobeh
 34307 | Orc:4    | Found Ybixavve's Jewellery Shoppe.
 34308 | Orc:4    | Found Utouriek's Distillery.
 34515 | Orc:4    | Bought a potion of mutation for 39 gold pieces
 34515 | Orc:4    | Bought a potion of poison for 13 gold pieces
 34515 | Orc:4    | Bought a potion of flight for 39 gold pieces
 34518 | Orc:4    | Bought a scroll of identify for 32 gold pieces
 34534 | Orc:4    | Bought an uncursed ring of sustenance for 245 gold pieces
 34534 | Orc:4    | Bought a cursed ring of hunger for 28 gold pieces
 34537 | Orc:4    | Bought a potion of porridge for 14 gold pieces
 34537 | Orc:4    | Bought 2 potions of decay for 56 gold pieces
 34537 | Orc:4    | Bought a potion of restore abilities for 42 gold pieces
 34537 | Orc:4    | Bought a potion of might for 35 gold pieces
 34537 | Orc:4    | Bought a potion of heal wounds for 42 gold pieces
 34537 | Orc:4    | Bought a potion of curing for 28 gold pieces
 34735 | Lair:2   | Gained mutation: You are dopey (Int -1). [helix card]
 34886 | Lair:7   | Reached skill level 1 in Ice Magic
 35212 | D:14     | Entered Level 14 of the Dungeon
 35369 | D:14     | Found a burning altar of Makhleb.
 35390 | D:14     | Found a snail-covered altar of Cheibriados.
 36035 | D:14     | Received a gift from Nemelex Xobeh
 36186 | D:15     | Entered Level 15 of the Dungeon
 36331 | D:15     | Reached skill level 10 in Evocations
 36331 | D:15     | Reached XP level 16. HP: 71/77 MP: 37/37
 36622 | D:15     | Noticed Azrael
 36633 | D:15     | Killed Azrael
 36689 | D:15     | Found Kaasixua's Book Boutique.
 36761 | D:15     | Reached skill level 17 in Stealth
 36797 | D:15     | Noticed a golden dragon
 36876 | D:15     | Received a gift from Nemelex Xobeh
 37207 | D:15     | Killed a golden dragon
 37375 | D:15     | Found a staircase to the Vaults.
 37756 | D:15     | Found a shattered altar of Ashenzari.
 38193 | D:16     | Found a blossoming altar of Fedhas.
 38817 | D:17     | Paralysed by you for 6 turns
 38884 | D:17     | Received a gift from Nemelex Xobeh
 39423 | D:17     | Reached skill level 15 in Dodging
 39928 | D:18     | Received a gift from Nemelex Xobeh
 40086 | D:18     | Reached skill level 18 in Stealth
 40163 | D:18     | Noticed TZer0's ghost (mighty LOBe)
 40577 | D:18     | Received a gift from Nemelex Xobeh
 40659 | D:18     | Killed TZer0's ghost
 40659 | D:18     | Reached XP level 17. HP: 7/81 MP: 8/38
 41305 | D:18     | Received a gift from Nemelex Xobeh
 41373 | D:18     | Found a staircase to the Vaults.
 41379 | D:18     | the staircase to the Vaults was a mimic.
 41637 | D:19     | Received a gift from Nemelex Xobeh
 42454 | D:19     | Reached skill level 5 in Throwing
 42702 | D:20     | Entered Level 20 of the Dungeon
 42805 | D:20     | Received a gift from Nemelex Xobeh
 42939 | D:20     | Noticed a sphinx
 42945 | D:20     | Killed a sphinx
 43045 | D:20     | Noticed a sphinx
 43057 | D:20     | Killed a sphinx
 43252 | D:20     | Reached skill level 19 in Stealth
 43321 | D:20     | Received a gift from Nemelex Xobeh
 44794 | D:21     | Found a gateway to Hell.
 45230 | D:21     | Found a one-way gate leading to the halls of Pandemonium.
 45318 | D:21     | Found a one-way gate to the infinite horrors of the Abyss.
 45571 | D:21     | Found a gateway to a ziggurat.
 45873 | D:21     | Reached XP level 18. HP: 87/87 MP: 39/39
 45914 | D:21     | Reached XP level 17. HP: 82/82 MP: 37/47
 46031 | D:21     | Reached XP level 18. HP: 55/87 MP: 27/39
 46033 | D:21     | Received a gift from Nemelex Xobeh
 46041 | D:21     | Noticed a storm dragon
 46041 | D:21     | a queen ant changed into a storm dragon
 46044 | D:21     | a storm dragon changed into a satyr
 46227 | D:21     | Noticed a titan
 46236 | D:21     | Noticed a shadow dragon
 46240 | D:21     | Noticed a storm dragon
 46395 | D:22     | Noticed Mara
 46401 | D:22     | Killed Mara
 46456 | D:22     | Received a gift from Nemelex Xobeh
 46480 | D:22     | Noticed Mennas
 46676 | D:22     | Noticed Wiglaf
 46678 | D:22     | Killed Wiglaf
 46701 | D:22     | Noticed Xtahua
 46723 | D:22     | Killed from afar by Xtahua

Action                   |  1- 3 |  4- 6 |  7- 9 | 10-12 | 13-15 | 16-18 || total
-------------------------+-------+-------+-------+-------+-------+-------++-------
Melee: Dagger            |   124 |   128 |   253 |   677 |  1475 |   774 ||  3431
       Unarmed           |       |       |       |       |    92 |       ||    92
 Fire: Blowgun           |       |       |       |    14 |     6 |    14 ||    34
Throw: Dart              |       |       |     8 |       |       |       ||     8
 Cast: Ensorcelled Hiber |    18 |    34 |   173 |   439 |   436 |   229 ||  1329
       Confuse           |       |     5 |    10 |    46 |    59 |   106 ||   226
       Invisibility      |       |       |       |     2 |    31 |    14 ||    47
       Corona            |       |       |       |     2 |     3 |     3 ||     8
       Blink             |       |       |       |       |       |     2 ||     2
       Mass Confusion    |       |       |       |       |       |     1 ||     1
Invok: Peek at Two       |       |       |       |     8 |    17 |     8 ||    33
       Draw One          |       |       |       |     3 |     9 |    25 ||    37
       Triple Draw       |       |       |       |     1 |     1 |       ||     2
       Stack Five        |       |       |       |       |     1 |       ||     1
Evoke: Wand              |       |     4 |     1 |     5 |     5 |    14 ||    29
  Use: Scroll            |       |     8 |    13 |    17 |    20 |    20 ||    78
       Potion            |       |     1 |     2 |       |     1 |     3 ||     7
 Stab: Sleeping          |    17 |    23 |   101 |   227 |   354 |   185 ||   907
       Confused          |       |     4 |     8 |    15 |    35 |    39 ||   101
       Distracted        |       |     1 |     1 |     1 |     5 |     3 ||    11
       Invisible         |       |       |       |    10 |   109 |    45 ||   164
